Map: 카이로스 정션 - 래더

Players

lllllllllll (sOs) - Winner!

  • Race: Protoss Protoss
  • League: Master
  • Spawn Location: 11:00

soO

  • Race: Zerg Zerg
  • Spawn Location: 5:00

Event: IEM Season 13 - Katowice Server Qualifiers Asia 2

VOD

Have the link to the VOD?

Description

Time

  • Played on: Jan. 22, 2019, 6:01 a.m.
  • Length: 12:14

All games in this series

Show
View Real Time Build Order
Export as new Build Order

lllllllllll Protoss - Winner!

Build Orders: 1 Gate Expand, Phoenix Opening, Archon Immortal 

Get SALT Encoding   

  12  0:00  Probe  
  13  0:12  Probe  
  14  0:17  Pylon  
  14  0:24  Probe  
  15  0:35  Probe, Assimilator  
  15  0:42  Gateway  
  16  0:43  Probe  
  17  0:51  Probe  
  18  1:03  Probe  
  19  1:15  Probe  
  20  1:22  Nexus  
  20  1:31  Cybernetics Core  
  20  1:35  Probe  
  21  1:40  Assimilator  
  21  1:47  Probe  
  21  1:51  Pylon  
  22  1:59  Probe  
  22  2:00  Warp Gate  
  22  2:01  Sentry  
  23  2:12  Probe  
  26  2:24  Probe  
  26  2:25  Stalker  
  29  2:34  Probe  
  29  2:35  Phoenix  
  29  2:36  Probe  
  31  2:47  Gateway x2, Probe  
  31  2:48  Probe  
  33  2:55  Probe  
  33  2:56  Sentry  
  35  3:00  Probe  
  35  3:03  Probe  
  37  3:06  Gateway  
  37  3:12  Probe, Pylon  
  39  3:15  Probe  
  40  3:23  Sentry  
  40  3:24  Probe  
  43  3:29  Robotics Facility, Probe  
  44  3:37  Pylon  
  44  3:38  Probe  
  45  3:41  Probe  
  45  3:43  Assimilator  
  45  3:46  Assimilator  
  46  3:52  Probe  
  46  3:53  Probe  
  48  4:04  Sentry x2  
  48  4:05  Stalker  
  48  4:06  Stalker  
  48  4:08  Immortal  
  48  4:09  Pylon  
  56  4:10  Probe x2  
  58  4:20  Pylon  
  62  4:28  Adept  
  62  4:30  Probe  
  62  4:31  Probe  
  66  4:43  Immortal  
  66  4:58  Gateway x2  
  66  4:59  Sentry, Gateway  
  70  5:00  Sentry x2  
  74  5:13  Warp Prism  
  74  5:16  Nexus  
  74  5:18  Pylon  
  74  5:21  Sentry  
  78  5:34  Pylon  
  78  5:38  Zealot x3  
  80  5:49  Immortal  
  66  5:58  Sentry x3  
  66  5:59  Zealot x3  
  66  6:03  Twilight Council  
  82  6:07  Probe x2  
  84  6:13  Zealot  
  86  6:29  Probe x2  
  88  6:40  Immortal  
  92  6:47  Zealot x2  
  92  6:48  Zealot x3  
  98  6:55  Charge  
  98  6:58  Zealot x2  
  82  7:16  Observer  
  82  7:18  Templar Archives  
  82  7:19  Probe x2  
  82  7:20  Probe  
  82  7:21  Zealot x6  
  101  7:24  Zealot  
  100  7:32  Pylon  
  100  7:43  Immortal  
  104  7:48  Probe  
  105  7:58  High Templar x3  
  105  7:59  High Templar, Zealot x2  
  105  8:02  Shield Battery  
  105  8:03  Pylon  
  105  8:04  Archon x2, Pylon  
  117  8:06  Observer  
  117  8:12  Forge  
  117  8:16  Pylon  
  117  8:35  Pylon  
  117  8:36  High Templar x3  
  117  8:37  Pylon  
  117  8:38  High Templar, Zealot x3  
  117  8:41  Archon  
  130  8:42  Archon  
  130  8:45  Probe x3  
  109  9:03  Zealot x3  
  95  9:12  Protoss Ground Weapons Level 1  
  95  9:14  Zealot x2  
  95  9:15  Zealot x2  
  75  9:37  Immortal  
  67  9:39  Zealot x5  
  67  9:40  Zealot x2  
  67  9:44  Probe x2  
  73  10:04  Sentry x2, Probe x3  
  73  10:05  Sentry, High Templar x3  
  74  10:09  Immortal, Assimilator  
  74  10:10  Assimilator  
  74  10:12  Archon  
  74  10:19  Pylon  
  74  10:21  Probe x3  
  81  10:27  Robotics Facility  
  81  10:30  Zealot x4  
  81  10:35  Probe  
  90  10:38  Immortal  
  90  10:40  High Templar  
  92  10:45  Archon  
  96  10:55  Probe  
  97  10:57  Photon Cannon, Pylon  
  97  11:03  High Templar x2, Zealot x2  
  97  11:04  Zealot x2  
  109  11:08  Immortal  
  117  11:22  Archon  
  117  11:24  Immortal  
  117  11:26  Probe  
  117  11:30  Sentry, Zealot x4  
  128  11:33  Pylon  
  128  11:48  Nexus  
  132  11:55  High Templar x2  
  132  11:56  Zealot x4  
  132  11:59  Archon  
  132  12:00  Zealot  
Show
View Real Time Build Order
Export as new Build Order

soO Zerg 

Build Orders: Hatch First 

Get SALT Encoding   

  12  0:01  Drone  
  13  0:12  Overlord  
  13  0:16  Drone  
  14  0:30  Drone  
  15  0:42  Drone  
  16  0:47  Hatchery  
  15  0:52  Drone  
  15  0:55  Drone  
  17  0:59  Drone  
  18  1:09  Extractor  
  17  1:14  Spawning Pool  
  17  1:17  Drone  
  17  1:21  Drone  
  18  1:27  Drone  
  19  1:38  Drone  
  20  1:48  Overlord  
  20  2:01  Queen x2, Zergling x4  
  26  2:10  Metabolic Boost  
  26  2:11  Drone  
  26  2:14  Drone  
  28  2:24  Drone x2  
  30  2:31  Drone  
  30  2:36  Drone  
  32  2:42  Hatchery  
  31  2:47  Queen  
  31  2:50  Drone  
  34  2:54  Overlord  
  34  2:57  Drone  
  35  3:00  Drone  
  36  3:05  Overlord  
  37  3:12  Drone  
  37  3:13  Drone x4  
  37  3:18  Overlord  
  41  3:27  Queen  
  41  3:29  Drone  
  44  3:36  Overlord, Drone  
  44  3:37  Drone x2  
  44  3:40  Drone  
  48  3:42  Drone  
  48  3:46  Drone  
  50  3:50  Drone x2  
  50  3:54  Drone  
  53  3:57  Roach Warren, Queen, Drone  
  55  4:05  Drone  
  55  4:07  Extractor, Drone  
  55  4:08  Extractor  
  55  4:09  Drone  
  55  4:14  Overlord  
  55  4:15  Zergling x10  
  60  4:17  Overlord  
  60  4:23  Overlord  
  60  4:27  Overlord  
  60  4:36  Roach  
  60  4:37  Roach x5  
  68  5:01  Zergling x8  
  68  5:02  Zergling x12  
  78  5:08  Ravager x5  
  78  5:09  Zergling x2  
  78  5:10  Zergling x2  
  85  5:15  Zergling x4  
  87  5:23  Zergling x6  
  89  5:30  Overlord  
  89  5:31  Ravager  
  89  5:38  Zergling x2  
  89  5:39  Zergling x4  
  89  5:40  Roach  
  86  5:43  Roach x2  
  86  5:45  Roach  
  86  5:46  Roach x2  
  86  5:48  Roach  
  87  5:52  Roach  
  87  5:53  Roach x2, Zergling x4  
  92  6:01  Zergling x8  
  96  6:08  Ravager x2  
  98  6:12  Overlord  
  98  6:13  Overlord  
  98  6:16  Lair  
  98  6:17  Overlord  
  98  6:19  Overlord  
  98  6:23  Overlord  
  96  6:34  Zergling x4  
  96  6:35  Zergling x10  
  96  6:36  Zergling x8  
  103  6:40  Zergling x2  
  102  6:51  Roach x2, Zergling x6  
  103  6:56  Zergling x2  
  103  6:57  Zergling x4  
  103  7:00  Zergling x4  
  100  7:01  Zergling x2  
  85  7:17  Glial Reconstitution  
  85  7:20  Drone x5  
  85  7:21  Drone x3  
  93  7:27  Roach x5  
  103  7:30  Overseer  
  99  7:45  Roach x6  
  99  7:49  Extractor  
  112  7:51  Roach x3  
  112  7:57  Roach x5  
  123  8:02  Roach x4  
  131  8:17  Overseer  
  131  8:20  Overlord x3  
  131  8:25  Overlord  
  130  8:37  Roach x3  
  136  8:41  Roach  
  136  8:42  Roach x6  
  136  8:48  Ravager x2  
  152  8:51  Roach  
  145  9:00  Roach x2  
  145  9:01  Roach x2  
  132  9:03  Roach  
  132  9:04  Roach  
  132  9:06  Roach  
  132  9:07  Roach, Zergling x2  
  132  9:09  Zergling x2  
  108  9:14  Roach  
  108  9:15  Roach  
  86  9:19  Roach x2  
  86  9:20  Roach  
  86  9:22  Roach  
  75  9:24  Roach  
  75  9:25  Roach x2  
  75  9:26  Roach  
  75  9:28  Roach  
  75  9:35  Zergling x2  
  75  9:37  Roach x2  
  71  9:44  Roach  
  71  9:49  Roach  
  71  9:51  Roach  
  66  9:57  Roach  
  66  9:58  Roach  
  66  9:59  Roach  
  64  10:03  Ravager  
  64  10:06  Queen  
  60  10:13  Queen  
  62  10:19  Drone x2  
  64  10:27  Ravager  
  65  10:28  Drone x2  
  65  10:29  Drone x2  
  65  10:30  Drone  
  65  10:34  Drone  
  65  10:35  Drone  
  72  10:40  Drone  
  73  10:50  Drone  
  73  10:51  Drone x2  
  73  10:55  Queen, Drone x2  
  80  11:01  Drone  
  81  11:05  Roach x2  
  85  11:12  Roach  
  85  11:15  Roach x2  
  91  11:24  Drone x4  
  91  11:25  Drone  
  96  11:27  Drone x2  
  96  11:31  Roach x2  
  102  11:35  Roach  
  104  11:40  Hatchery  
  104  11:46  Overlord  
  103  11:47  Drone  
  103  11:50  Roach  
  103  11:51  Roach x2  

Tags
 
Add a new tag
Caveats
  • Supply blocks, unpowered buildings, or Contaminate may cause inaccurate times.
  • Supply counts are checked every 10 seconds.